Map: Submarine LE

Players

MicroMarine - Winner!

  • Race: Terran Terran
  • League: Diamond
  • Spawn Location: 5:00

Runtime

  • Race: Terran Terran
  • League: Diamond
  • Spawn Location: 11:00

VOD

Have the link to the VOD?

Description

Time

  • Played on: Nov. 10, 2020, 1:08 a.m.
  • Length: 17:15
Show
View Real Time Build Order
Export as new Build Order

MicroMarine Terran - Winner!

Build Orders:  

Get SALT Encoding   

  12  0:00  SCV  
  13  0:12  SCV  
  14  0:18  Supply Depot  
  14  0:24  SCV  
  15  0:37  Refinery  
  15  0:39  SCV  
  16  0:44  Barracks  
  16  0:51  SCV  
  17  1:04  SCV, Barracks  
  18  1:14  Refinery  
  18  1:16  SCV  
  19  1:31  Reaper  
  19  1:32  Orbital Command  
  20  1:43  Supply Depot  
  20  1:52  Reaper  
  21  1:58  SCV  
  22  2:03  Reaper  
  23  2:09  Factory  
  23  2:10  SCV  
  24  2:18  Supply Depot  
  24  2:23  SCV  
  24  2:26  Reaper  
  26  2:35  SCV  
  28  2:51  SCV  
  29  2:53  Factory Tech Lab  
  29  2:56  Starport  
  29  3:04  Barracks Reactor  
  28  3:06  SCV  
  29  3:15  Command Center  
  29  3:20  Cyclone  
  29  3:23  SCV  
  29  3:24  Barracks Tech Lab  
  33  3:31  Supply Depot  
  33  3:36  SCV  
  33  3:39  Starport Tech Lab  
  34  3:49  SCV  
  34  3:54  Marine x2  
  37  3:59  Raven  
  37  4:01  SCV, Marine  
  40  4:11  Stimpack  
  40  4:12  Marine x2  
  40  4:13  SCV  
  43  4:25  SCV  
  43  4:28  Orbital Command  
  43  4:31  Marine x3  
  44  4:35  Cyclone  
  44  4:37  SCV  
  51  4:49  SCV, Marine x3  
  51  4:50  Orbital Command  
  51  4:52  Barracks  
  55  4:53  Starport Reactor  
  55  5:12  SCV  
  55  5:13  Command Center  
  56  5:16  SCV  
  57  5:23  Marine x3  
  57  5:24  SCV  
  61  5:28  SCV  
  61  5:33  Supply Depot  
  61  5:34  Supply Depot  
  62  5:43  Combat Shield  
  62  5:55  SCV x2, Viking  
  62  5:56  Barracks  
  62  5:57  Barracks  
  66  5:59  Marine  
  66  6:00  Medivac  
  69  6:07  SCV x2, Siege Tank  
  69  6:08  Marine x2  
  76  6:19  SCV x2  
  76  6:20  Engineering Bay x2  
  78  6:31  SCV  
  79  6:33  Medivac x2  
  79  6:36  SCV  
  84  6:41  Refinery x2  
  84  6:42  Orbital Command  
  84  6:43  SCV  
  85  6:48  SCV  
  85  6:49  Missile Turret  
  85  6:52  Barracks Reactor x2  
  86  6:55  SCV  
  86  6:57  Missile Turret  
  86  6:59  Missile Turret  
  86  7:00  SCV  
  88  7:08  SCV  
  89  7:09  Missile Turret  
  89  7:12  Missile Turret, SCV x2  
  89  7:14  Missile Turret, Marine  
  92  7:15  Missile Turret  
  92  7:17  Marine  
  92  7:21  Terran Infantry Weapons Level 1  
  93  7:23  Terran Infantry Armor Level 1  
  93  7:31  Sensor Tower  
  93  7:38  Supply Depot  
  93  7:40  Supply Depot  
  93  7:54  Starport  
  93  8:00  SCV x3, Marine x4  
  93  8:02  Marine x3, Viking x2  
  107  8:12  SCV x2  
  109  8:15  Supply Depot x2  
  109  8:17  Supply Depot  
  110  8:20  SCV  
  110  8:24  SCV, Sensor Tower  
  111  8:27  Armory  
  111  8:31  Armory  
  111  8:32  Engineering Bay  
  111  8:34  Starport Reactor  
  111  8:36  Viking x2  
  115  8:42  SCV x2  
  115  8:46  Refinery  
  115  8:47  Refinery  
  115  8:48  Marine x5  
  122  8:59  Factory  
  122  9:00  SCV x2  
  124  9:04  Hi-Sec Auto Tracking  
  124  9:08  Viking x2  
  125  9:26  Marine x2  
  125  9:27  Marine x5, Siege Tank  
  125  9:30  Marine  
  118  9:34  SCV x3  
  118  9:43  Supply Depot  
  118  9:44  Missile Turret, Marine x2  
  120  9:48  Factory Tech Lab  
  114  9:58  Missile Turret  
  112  10:02  Supply Depot  
  112  10:04  Marine x2, Supply Depot  
  112  10:05  Marauder  
  116  10:09  Supply Depot  
  116  10:11  Supply Depot  
  116  10:17  Terran Infantry Armor Level 2  
  116  10:20  Terran Infantry Weapons Level 2  
  116  10:23  SCV  
  116  10:24  SCV, Siege Tank  
  116  10:27  Command Center  
  116  10:28  SCV  
  122  10:31  Neosteel Armor  
  122  10:43  Siege Tank  
  125  10:51  Supply Depot  
  125  10:52  SCV x3  
  128  11:01  Marine x8  
  128  11:02  Siege Tank  
  139  11:08  Viking x4  
  139  11:10  SCV x2  
  149  11:15  Siege Tank  
  152  11:30  Marine  
  152  11:31  Marine x4  
  157  11:36  Supply Depot  
  157  11:37  Supply Depot  
  157  11:38  Supply Depot  
  157  11:39  Marine x3, Supply Depot  
  160  11:46  Siege Tank  
  163  11:48  Siege Tank  
  166  11:55  Planetary Fortress  
  140  12:04  Marine x3  
  140  12:05  Marine x5  
  118  12:13  Viking x4  
  112  12:17  SCV x3  
  112  12:18  Siege Tank  
  112  12:20  Siege Tank  
  112  12:22  Marine x6  
  122  12:24  Marine x2  
  122  12:29  SCV  
  130  12:40  SCV x2, Marine, Barracks  
  130  12:41  Command Center, Barracks  
  133  12:45  SCV x2  
  133  12:48  Missile Turret x2  
  133  12:50  Terran Infantry Weapons Level 3  
  135  12:51  Missile Turret  
  135  12:52  SCV  
  135  12:57  Marine x3  
  135  12:58  Marine x5  
  143  13:04  Terran Infantry Armor Level 3  
  131  13:15  Marine x2  
  131  13:19  Siege Tank x2  
  139  13:25  Drilling Claws  
  139  13:29  Starport  
  139  13:33  Refinery, Starport  
  139  13:34  Refinery  
  139  13:37  Terran Vehicle Weapons Level 1  
  139  13:38  Terran Ship Weapons Level 1  
  139  13:40  Marine x6  
  139  13:41  Barracks Reactor  
  146  13:42  Barracks Tech Lab  
  146  13:45  Marine x2  
  146  13:47  Medivac x3  
  153  13:51  Siege Tank  
  156  13:58  Marine x3  
  147  14:03  Marine x5  
  147  14:09  Siege Tank  
  147  14:12  Starport Tech Lab  
  147  14:18  Starport Tech Lab  
  147  14:23  Siege Tank  
  150  14:24  Command Center  
  150  14:27  Concussive Shells  
  150  14:28  Marine x2  
  150  14:29  Marauder x2  
  156  14:37  Marine x5  
  156  14:38  Banshee  
  161  14:55  Marine x6  
  152  15:08  Marine x3, Siege Tank  
  152  15:09  Siege Tank  
  152  15:12  Marine  
  152  15:13  Marine  
  147  15:15  Marine x3  
  147  15:16  Viking x2  
  147  15:17  Viking  
  140  15:26  Marauder  
  142  15:41  Siege Tank  
  145  15:47  Viking x2  
  145  15:49  Command Center  
  149  15:54  Marine x2  
  149  16:03  Marine x2  
  149  16:04  Marine, Marauder x2  
  150  16:07  Marine x2  
  151  16:15  Marine x2  
  153  16:20  Marine x2  
  153  16:21  Marine  
  156  16:29  Marine x6  
  162  16:38  Marine x2, Marauder  
  166  16:41  Marine x2  
  166  16:47  Marine x2, Marauder  
  168  16:48  Marine, Marauder  
Show
View Real Time Build Order
Export as new Build Order

Runtime Terran 

Build Orders: Reaper Expand 

Get SALT Encoding   

  12  0:00  SCV  
  13  0:12  SCV  
  14  0:17  Supply Depot  
  14  0:24  SCV  
  15  0:39  SCV  
  15  0:40  Barracks  
  16  0:43  Refinery  
  16  0:51  SCV  
  17  1:03  SCV  
  18  1:15  SCV  
  19  1:27  Orbital Command  
  19  1:30  Reaper  
  20  1:44  Command Center  
  20  1:54  SCV, Supply Depot  
  21  2:04  Marine  
  21  2:06  SCV  
  23  2:13  Factory  
  23  2:18  SCV  
  23  2:22  Refinery  
  24  2:33  Bunker  
  24  2:34  SCV  
  24  2:35  Barracks Reactor  
  24  2:46  SCV  
  24  2:58  SCV, Factory Tech Lab  
  24  2:59  Starport  
  24  3:10  SCV  
  24  3:11  Marine  
  24  3:12  Marine  
  27  3:16  Cyclone  
  30  3:22  SCV  
  30  3:34  SCV  
  31  3:44  Command Center  
  31  3:45  Marine x2  
  31  3:48  Starport Tech Lab  
  31  3:51  SCV  
  31  3:53  Supply Depot  
  30  4:03  SCV  
  31  4:15  SCV, Cyclone  
  31  4:16  Supply Depot  
  35  4:22  Command Center  
  35  4:27  SCV  
  36  4:38  Stimpack, Supply Depot  
  36  4:39  SCV  
  37  4:52  SCV  
  38  4:58  Refinery  
  38  5:01  Refinery  
  38  5:02  Siege Tank  
  38  5:04  SCV  
  38  5:05  Viking  
  44  5:10  Orbital Command  
  44  5:18  SCV  
  45  5:23  Marine  
  46  5:29  Barracks  
  46  5:30  SCV  
  47  5:39  Orbital Command  
  47  5:43  SCV  
  47  5:46  SCV  
  47  5:48  Viking  
  51  5:55  SCV  
  52  5:58  SCV  
  52  6:02  Viking  
  55  6:07  SCV, Marine  
  55  6:10  SCV  
  58  6:16  SCV  
  58  6:17  Combat Shield  
  59  6:19  SCV, Supply Depot  
  59  6:23  SCV  
  59  6:24  Engineering Bay  
  59  6:25  Marine  
  62  6:28  SCV  
  62  6:31  SCV  
  64  6:35  SCV  
  64  6:39  Siege Tank  
  68  6:40  SCV, Viking  
  68  6:43  Barracks Reactor  
  68  6:45  Barracks  
  71  6:49  Engineering Bay  
  71  6:52  Terran Infantry Weapons Level 1  
  71  6:53  Orbital Command  
  72  6:54  SCV x2, Supply Depot  
  74  7:06  SCV x2  
  74  7:08  Viking  
  77  7:10  Viking  
  77  7:11  Siege Tank  
  82  7:18  SCV  
  82  7:20  SCV x2  
  85  7:26  Marine x2, Marauder  
  85  7:28  Refinery  
  89  7:30  SCV  
  89  7:31  Refinery  
  89  7:32  SCV  
  89  7:33  SCV, Terran Infantry Armor Level 1  
  92  7:37  Armory  
  92  7:42  SCV  
  92  7:43  Marine, Siege Tank  
  92  7:44  SCV, Marine  
  97  7:45  SCV  
  100  7:54  SCV  
  101  8:00  Supply Depot  
  101  8:01  Concussive Shells  
  101  8:02  Supply Depot  
  101  8:05  SCV  
  101  8:15  Missile Turret  
  101  8:16  Sensor Tower  
  101  8:20  SCV, Marine x2, Siege Tank  
  101  8:21  Viking x2, Marauder  
  101  8:22  SCV x2  
  101  8:24  Supply Depot x2  
  115  8:29  Terran Vehicle Weapons Level 1  
  115  8:30  Supply Depot  
  115  8:33  SCV  
  115  8:34  SCV  
  117  8:38  Marine x2  
  119  8:42  Marine  
  119  8:45  SCV  
  119  8:46  SCV x2, Sensor Tower  
  123  8:51  Medivac x2  
  123  8:53  Siege Tank  
  130  8:56  Marine  
  130  8:57  SCV, Marine, Barracks  
  130  8:59  Marine  
  130  9:02  Barracks  
  134  9:14  Marine  
  134  9:15  Marine  
  136  9:17  Marine  
  136  9:21  Medivac x2  
  131  9:25  Siege Tank  
  122  9:31  Marine  
  122  9:33  Marine  
  122  9:35  Marine  
  108  9:49  Marine  
  108  9:51  Marine  
  108  9:53  Marine  
  108  9:57  Siege Tank  
  108  9:59  Barracks Reactor  
  104  10:00  Barracks Reactor  
  104  10:04  Barracks  
  104  10:07  Marine  
  104  10:09  Marine  
  104  10:11  Marauder  
  108  10:15  Barracks x2  
  108  10:17  Supply Depot x2  
  108  10:18  Command Center  
  108  10:25  Marine  
  108  10:26  Marine  
  108  10:27  Supply Depot  
  110  10:29  Siege Tank  
  110  10:32  Marine  
  114  10:36  Medivac x2  
  118  10:43  Marine x4  
  118  10:44  Marine x2  
  118  10:48  Terran Vehicle And Ship Armor Level 1, Terran Infantry Weapons Level 2  
  118  10:49  Terran Infantry Armor Level 2  
  124  10:50  Marine  
  124  10:52  Supply Depot  
  124  10:54  Supply Depot  
  125  11:00  Marine x2  
  125  11:01  Marine x2, Siege Tank  
  133  11:04  Barracks Reactor, Supply Depot  
  133  11:05  Supply Depot, Barracks Tech Lab  
  133  11:06  Medivac x2  
  133  11:07  Missile Turret  
  133  11:08  Missile Turret, Marine x3  
  133  11:09  Supply Depot  
  140  11:17  Barracks Tech Lab  
  139  11:18  Marine x3  
  139  11:20  Marine  
  143  11:26  Marine, Barracks  
  143  11:27  Marauder  
  143  11:29  Barracks  
  143  11:31  Marine  
  147  11:33  Siege Tank  
  147  11:34  Marine  
  147  11:36  Medivac  
  153  11:44  Marine x2  
  153  11:46  Marine x3  
  158  11:47  Marine x3  
  158  11:48  Marine, Marauder  
  158  11:52  Marauder  
  143  12:01  Marine  
  143  12:02  Marine  
  143  12:04  Marine x3  
  143  12:05  Marine x3, Siege Tank  
  143  12:06  Marine  
  129  12:10  Marauder  
  129  12:13  Marine  
  115  12:19  Marine x2  
  115  12:20  Medivac x2  
  115  12:21  Marine  
  115  12:22  Marine x2  
  116  12:23  Marine x3  
  116  12:24  Marine  
  116  12:27  Barracks Reactor  
  116  12:29  Barracks Reactor  
  115  12:30  Marine  
  115  12:31  Marine  
  117  12:37  Marine x2, Siege Tank  
  117  12:41  Planetary Fortress  
  122  12:46  Marine  
  122  12:47  Marine x6, Refinery  
  122  12:48  Marine  
  122  12:49  Marine  
  122  12:50  Medivac x2  
  135  12:55  Marine x2  
  137  13:04  Marine x3  
  137  13:05  Marine x4  
  132  13:06  Marine x2  
  132  13:09  Marine x4, Siege Tank  
  118  13:13  Marine x2  
  120  13:20  Medivac x2  
  120  13:21  Refinery  
  120  13:22  Marine x6  
  120  13:23  Marine  
  120  13:24  Marine  
  120  13:25  Marauder  
  134  13:30  Command Center  
  134  13:31  Marine x2  
  136  13:35  SCV x2  
  136  13:41  Marine x4, Siege Tank, Marauder  
  140  13:42  Marine x4, Marauder  
  140  13:45  Marine x2  
  140  13:46  Marauder  
  157  13:48  Marine  
  157  13:49  Marine  
  157  13:50  Medivac x2  
  163  14:02  Marauder  
  148  14:03  Marine x2  
  148  14:04  Marine x9  
  148  14:09  Marine x2  
  151  14:10  Marine  
  151  14:14  Siege Tank  
  156  14:20  Medivac x2  
  156  14:21  Marine x3  
  156  14:22  Marine x2  
  156  14:23  Marauder  
  156  14:24  Marauder  
  169  14:27  Marine x4  
  173  14:33  Factory  
  173  14:42  Starport  
  173  14:46  Siege Tank  
  173  14:50  Medivac  
  175  14:57  Marine x3  
  175  14:58  Marine x6  
  106  15:14  Marine  
  106  15:15  Marine x9  
  106  15:16  Marine x4  
  106  15:18  Marine  
  102  15:22  Siege Tank  
  105  15:29  Factory Tech Lab  
  105  15:32  Marine x3  
  105  15:33  Marauder x3, Planetary Fortress  
  114  15:38  SCV x2  
  114  15:39  Refinery  
  114  15:40  SCV  
  114  15:42  Refinery  
  117  15:48  Missile Turret  
  109  15:50  SCV  
  109  15:56  Marine, Marauder x2  
  109  15:57  Marine x2, Marauder  
  95  15:58  Siege Tank  
  95  16:02  Marine x3  
  100  16:05  Marine x2  
  100  16:09  Medivac x2  
  104  16:14  Marine x2  
  104  16:15  Marine  
  104  16:17  Marine  
  104  16:18  Marauder x2  
  109  16:20  Marine x3  
  109  16:22  Missile Turret x2  
  109  16:24  Marine x2  
  112  16:30  Widow Mine  
  112  16:32  Marine x3  
  112  16:36  Marauder  
  112  16:39  Marauder x2, Medivac  
  121  16:40  Marine x2  
  121  16:42  Barracks Tech Lab  
  123  16:49  SCV  
  123  16:50  Factory  
  123  16:51  Factory, Widow Mine  
  123  16:52  Supply Depot  
  123  16:53  Supply Depot  
  126  16:55  Marine x2  
Tags
 
Matchup
TvT
Race
Terran
Spawn Locations
Cross Positions
Add a new tag
Caveats
  • Supply blocks, unpowered buildings, or Contaminate may cause inaccurate times.
  • Supply counts are checked every 10 seconds.